 Dungeon Crawl Stone Soup version 0.27.1-33-g824d729ab1 (webtiles) character file.

Game seed: 10818764889228268750

2 comborobin the Sneak (level 1, 0/18 HPs)
             Began as a Demigod Delver on Dec 28, 2021.
             Splashed by Ijyb's acid (11 damage)
             ... on level 3 of the Dungeon.
             The game lasted 00:00:39 (520 turns).

comborobin the Sneak (Demigod Delver)                Turns: 520, Time: 00:00:40

Health: 0/18       AC: -1    Str: 13    XL:     1   Next: 20%
Magic:  3/3        EV: 11    Int: 12    God:
Gold:   18         SH:  0    Dex: 15    Spells: 0/0 levels left

rFire    . . .     SeeInvis .   a - +0 mace
rCold    . . .     Faith    .   (no shield)
rNeg     . . .     Spirit   .   b - +0 leather armour
rPois    .         Reflect  .   (no helmet)
rElec    .         Harm     .   (no cloak)
rCorr    .         Rampage  .   (no gloves)
Will     .....                  (no boots)
Stlth    +++.......             (no amulet)
HPRegen  0.06/turn              (no ring)
MPRegen  0.08/turn              (no ring)

@: corroded
A: high mp 1, forlorn
a: no special abilities


You were on level 3 of the Dungeon.
You visited 1 branch of the dungeon, and saw 4 of its levels.

You collected 18 gold pieces.

Inventory:

Hand Weapons
 a - a +0 mace (weapon)
Missiles
 j - 6 poisoned darts (quivered)
Armour
 b - a +0 leather armour (worn)
Wands
 g - a wand of digging (3)
Scrolls
 c - a scroll of fog
 d - a scroll of magic mapping
 e - a scroll of fear
 i - a scroll of summoning {unknown}
Potions
 f - a potion of heal wounds {unknown}
 h - a potion of curing {unknown}
 k - a potion of attraction {unknown}


   Skills:
 - Level 2.6 Fighting
 + Level 2.0 Maces & Flails
 - Level 1.7 Dodging
 - Level 4.5 Stealth


You couldn't memorise any spells.
You didn't know any spells.
Your spell library was empty.

Dungeon Overview and Level Annotations

Branches:
Dungeon (6/15)
 Temple: D:4-7

Annotations:
D:3 Ijyb


Innate Abilities, Weirdness & Mutations

Your attributes grow dramatically as you level up.
You have an increased reservoir of magic. (+10% MP)
You shall have no god before yourself.


Message History

No target in view!
You now have 18 gold pieces.
Key pressed, stopping explore.
No target in view!
Found a robe.
No target in view!
No target in view!
Search for what [? for help]? dart You see here a +0 robe.
You see here 6 poisoned darts.
j - 6 poisoned darts You open the door.
There is an open door here.
k - a bubbling coppery potion You open the gate.
There is an open gate here.
Key pressed, stopping explore.
No target in view!
Found 23 stones.
No target in view!
No target in view!
Found 21 stones.
You see here 23 stones.
You see here 21 stones.
There is an open gate here.
Found a gold piece.
No target in view!
An ice beast comes into view.
Ijyb the Twisted Goblin comes into view.
She is wielding a +0 dagger and carrying a wand of acid (9).
Found a stone staircase leading down.
There are monsters nearby!
Ijyb shouts!
A rat comes into view.
There are monsters nearby!
There are monsters nearby!
You hit Ijyb but do no damage. Ijyb hits you with a +0 dagger.
Ijyb zaps a wand.
The bolt of acid hits you. The acid corrodes you!
You are splashed with acid!
Ouch! That really hurt!
You die...

##### ####### #######
#.... .......##
#.....###.... .........
+............ ........#
#............
..r....g####............
......Y....+..###'''###.
......#@####.## ♣...♣ ##
...$........## ♣#...#♣ #
........#.### ♣#.#.#.#♣
..........# ♣#...#...#♣
.#.###..### ♣#.#.#.#.#.#
# ....# ♣#...#.#.#...
#.##.# ♣#.#.#.#.#.#.# #.
#>#♣#...#...#...#. # ##
♣.#.#.#.#.#.#.#


You could see an ice beast, Ijyb and a rat.

Vanquished Creatures
  A bat (D:3)
  A ball python (D:3)
2 creatures vanquished.

Notes
Turn   | Place    | Note
-------+----------+-------------------------------------------
     0 | D:5      | comborobin the Demigod Delver began the quest for the Orb.
     0 | D:5      | Reached XP level 1. HP: 18/18 MP: 3/3
    10 | D:5      | Noticed a steam dragon
    26 | D:6      | Noticed a water moccasin
    48 | D:4      | Noticed a hound
    59 | D:4      | Noticed an iguana
   515 | D:3      | Noticed an ice beast
   516 | D:3      | Noticed Ijyb
   520 | D:3      | Splashed by Ijyb's acid

Illustrated notes

Levels and vault maps discovered:
D:3:      layout_basic, gammafunk_ghost_split, kennysheep_cluttered_room,
          uniq_ijyb
D:4:      layout_cave_pods, nicolae_gozag_cash_rules_everything_around_me,
          serial_park, serial_park_tiny_pond, serial_park_tiny_2,
          serial_park_fountain
D:5:      cheibrodos_fzero, layout_rooms, old_standard_altar, st_stairs_12,
          hangedman_abyss_or_decor_lesser_grid, grunt_ministairs_14,
          uniq_menkaure
D:6:      layout_rooms, mainiacjoe_overflow_alcove_2,
          grunt_temple_overflow_open, minmay_misc_feat_secret_circle,
          solitary_fountain, st_stairs_2, kennysheep_windowed_goal

Skill      XL: |  1 |
---------------+----+-----
Maces & Flails | 2 |  2.0
Fighting       | |  2.6
Dodging        | |  1.7
Stealth        | |  4.5

Action                   || total
-------------------------++-------
Melee: Mace              ||     4
  Use: Potion            ||     1
Armor: Leather armour    ||     2
Dodge: Dodged            ||     4
